 Dungeon Crawl Stone Soup version 0.28-a0-461-g2dc4ca5097 (webtiles) character file.

Game seed: 6917165484153986051

92 Gwenloh the Caller (level 4, -2/30 HPs)
             Began as a Demonspawn Summoner on Sept 14, 2021.
             Succumbed to a gnoll's poison
             ... on level 3 of the Dungeon.
             The game lasted 00:08:33 (3542 turns).

Gwenloh the Caller (Demonspawn Summoner)            Turns: 3542, Time: 00:08:33

Health: -2/30      AC:  3    Str:  8    XL:     4   Next: 35%
Magic:  4/9        EV: 12    Int: 17    God:
Gold:   160        SH:  0    Dex: 14    Spells: 3/9 levels left

rFire   . . .      SeeInvis .   f - +1 hand axe (pain)
rCold   . . .      Faith    .   (no shield)
rNeg    . . .      Spirit   .   a - +0 robe
rPois   .          Reflect  .   (no helmet)
rElec   .          Harm     .   i - +0 cloak
rCorr   .          Rampage  .   (no gloves)
Will    .....                   (no boots)
Stlth   ++........              (no amulet)
HPRegen 0.10/turn               (no ring)
MPRegen 0.11/turn               (no ring)

@: lethally poisoned (-2 -> -14), flying
A: ignite blood 1, spiny 1
a: no special abilities


You were on level 3 of the Dungeon.
You visited 1 branch of the dungeon, and saw 3 of its levels.

You collected 160 gold pieces.

Inventory:

Hand Weapons
 f - a +1 hand axe of pain (weapon)
Missiles
 e - 117 stones
Armour
 a - a +0 robe (worn)
 i - a +0 cloak (worn)
Scrolls
 c - 2 scrolls of teleportation {unknown}
 g - a scroll of magic mapping {unknown}
 k - 4 scrolls of identify {unknown}
 l - a scroll of enchant armour {unknown}
Potions
 b - a potion of degeneration {unknown}
 d - 2 potions of flight
 h - a potion of lignification {unknown}
 j - a potion of curing {unknown}


   Skills:
 - Level 1.7 Dodging
 - Level 1.7 Stealth
 + Level 3.3 Spellcasting
 + Level 5.0 Summonings


You had 3 spell levels left.
You knew the following spells:

 Your Spells              Type           Power      Damage    Failure   Level
a - Summon Small Mammal   Summ           76%        N/A       2%          1
b - Call Imp              Summ           19%        N/A       3%          2
c - Call Canine Familiar  Summ           19%        N/A       6%          3

Your spell library contained the following spells:

 Spells                   Type           Power      Damage    Failure   Level
 Summon Guardian Golem    Hex/Summ       11%        N/A       19%         3
 Summon Lightning Spire   Summ/Air       11%        N/A       52%         4


Dungeon Overview and Level Annotations

Branches:
Dungeon (3/15)

Altars:
Okawaru

Shops:
D:2 =


Innate Abilities, Weirdness & Mutations

Your demonic aura sometimes causes spilled blood to erupt in flames.
You are partially covered in sharp spines.


Message History

Confirm with . or Enter, or press ? or * to list all spells.
The spell is quite dangerous to cast (7% risk of failure)!
Continue anyway?
You feel sick.
You feel sick.
You feel sick.
Your hound barely misses the gnoll.
Casting: Call Canine Familiar (quite dangerous; 7% risk of failure)
Confirm with . or Enter, or press ? or * to list all spells.
A beastly little devil appears in a puff of flame.
You feel sick. Something closely misses your hound.
You swap places.
You feel sick.
Your hound bites the gnoll.
Your crimson imp hits the gnoll.
The gnoll misses you.
You swap places.
You feel sick.
You are no longer poisoned.
Your hound bites the gnoll.
The gnoll hits your hound with a +0 club.
Something hits your hound.
Your hound bites the gnoll.
The gnoll hits your hound with a +3 whip of venom!
Your hound dies!
Your hound's corpse disappears in a puff of smoke!
Your crimson imp hits the gnoll but does no damage.
You catch the helpless gnoll completely off-guard!
You hit the gnoll.
The gnoll is almost dead.
You hit the gnoll but do no damage.
The gnoll is engulfed in blazing flames.
You kill the gnoll!
The gnoll hits you with a +3 whip of venom!
* * * LOW HITPOINT WARNING * * *
You are lethally poisoned!
Your crimson imp hits the gnoll but does no damage.
The gnoll hits you with a +0 club.
* * * LOW HITPOINT WARNING * * *
Your Summonings skill increases to level 5!
* * * LOW HITPOINT WARNING * * *
You feel very sick.
Your crimson imp closely misses the gnoll.
It was a potion of flight.
You feel very buoyant.
You fly up into the air.
You die...

#...#...##.###
#.##.#.##......
#..#.#.#.).(..#
#..........####
...##...####.#.#
####.#.###..... .###
##..# #.#.# #...#
#####. #..#
#..>########.# #.
#..#
##......####.#######.
#..
##.###....#.........
#.######...........
###
#.@°g..###.........
.....####g..#
#..)......
......w.g)5.#
#..†.....#
.....####...#
#...>....# ### #####
#........# #..(.....#
##########


You could see 2 gnolls and a friendly crimson imp (summoned).

Vanquished Creatures
  A nameless horror (D:2)
  A gnoll (D:3)
  2 adders
  A dart slug (D:1)
  An orc (D:3)
  2 endoplasms
  4 giant cockroaches
  A goblin (D:1)
  3 hobgoblins
  2 quokkas
  3 ball pythons (D:1)
  2 bats
  6 frilled lizards
  6 kobolds
  5 rats
40 creatures vanquished.

Vanquished Creatures (collateral kills)
  A worm (D:2)
  3 ball pythons (D:1)
  2 bats
  An endoplasm (D:2)
  3 giant cockroaches
  2 goblins
  A hobgoblin (D:1)
  A quokka (D:1)
  A frilled lizard (D:2)
  4 kobolds
19 creatures vanquished.

Vanquished Creatures (others)
  8 fungi (D:1)
  A plant (D:1)
  5 toadstools (D:1)
14 creatures vanquished.

Grand Total: 73 creatures vanquished

Notes
Turn   | Place    | Note
-------+----------+-------------------------------------------
     0 | D:1      | Gwenloh the Demonspawn Summoner began the quest for the
                  | Orb.
     0 | D:1      | Reached XP level 1. HP: 13/13 MP: 3/3
   534 | D:1      | Gained mutation: Your demonic aura sometimes causes spilled
                  | blood to erupt in flames. [demonic ancestry]
   534 | D:1      | Reached XP level 2. HP: 18/19 MP: 1/5
   539 | D:1      | Learned a level 2 spell: Call Imp
  1460 | D:1      | Found a faded altar of an unknown god.
  1962 | D:1      | Reached XP level 3. HP: 24/24 MP: 2/7
  2026 | D:1      | Learned a level 3 spell: Call Canine Familiar
  2118 | D:2      | Found an iron altar of Okawaru.
  2251 | D:2      | Found Ariefome's Jewellery Shoppe.
  2390 | D:2      | Noticed a nameless horror
  2411 | D:2      | Killed a nameless horror
  3348 | D:3      | Gained mutation: You are partially covered in sharp spines.
                  | [demonic ancestry]
  3348 | D:3      | Reached XP level 4. HP: 30/30 MP: 6/8
  3541 | D:3      | Reached skill level 5 in Summonings
  3541 | D:3      | HP: 1/30 [poisoned by a gnoll]
  3542 | D:3      | Succumbed to a gnoll's poison

Illustrated notes

Levels and vault maps discovered:
D:1:      dpeg_arrival_rooms_b, layout_basic,
          shapermc_ecumenical_altar_mp_ritualfount, minmay_gold_behind_fungi,
          minmay_shallow_snake_nest
D:2:      layout_rooms, basic_altar, serial_shops, shop
D:3:      layout_rooms, mainiacjoe_overflow_divided_tiny

Skill      XL: |  1  2  3  4 |
---------------+-------------+-----
Spellcasting   | 3 |  3.3
Summonings     | 5 |  5.0
Dodging        | |  1.7
Stealth        | |  1.7

Action                   |  1- 3 |  4- 6 || total
-------------------------+-------+-------++-------
Melee: Hand axe          |   133 |    14 ||   147
 Cast: Summon Small Mamm |    24 |       ||    24
       Call Imp          |     8 |     1 ||     9
       Call Canine Famil |     1 |     1 ||     2
  Use: Potion            |       |     1 ||     1
 Stab: Sleeping          |     3 |       ||     3
       Distracted        |       |     1 ||     1
Armor: Robe              |    35 |     2 ||    37
Dodge: Dodged            |    97 |     6 ||   103

Table legend: (Time is in decaauts)
 A = Elapsed time spent in this place.
 B = Non-inter-level travel time spent in this place.
 C = Inter-level travel time spent in this place.
 D = Time resting spent in this place.
 E = Time spent auto-exploring this place.
 F = Levels seen in this place.
 G = Mean time per level.
                   A        B        C        D        E       F      G
               +--------+--------+--------+--------+--------+-----+--------+
         Total |   3583 |   3523 |     60 |      0 |   2941 |   3 | 1194.3 |
       Dungeon |   3583 |   3523 |     60 |      0 |   2941 |   3 | 1194.3 |
               +--------+--------+--------+--------+--------+-----+--------+

Top non-repeatable levels by time:
     D:1: 2103 daAuts
     D:2: 1197 daAuts
     D:3: 282 daAuts
